TOP OF THE 1ST |
---|
Punta Cana Hutias batting - Pitching for Fort Collins Commoners : RHP Dani Granadas | Pitching: RHP Dani Granadas | | Batting: LHB Dave Watkins | 0-0: Ball 1-0: Ball 2-0: Called Strike 2-1: Foul Ball, location: 2F 2-2: Foul Ball, location: 2F 2-2: Strikes out swinging | Batting: LHB Tony Ríos | 0-0: Swinging Strike 0-1: Ball 1-1: Ball 2-1: Ground out U3 (Groundball, 3L) | Batting: LHB Norberto Garza | 0-0: Called Strike 0-1: Foul Ball, location: 2F 0-2: Strikes out swinging | Top of the 1st over - 0 runs, 0 hits, 0 errors, 0 left on base; Punta Cana 0 - Fort Collins 0 | BOTTOM OF THE 1ST |
---|
Fort Collins Commoners batting - Pitching for Punta Cana Hutias : RHP Brian Lovelace | Pitching: RHP Brian Lovelace | | Batting: LHB Matt Taylor | 0-0: Ball 1-0: Called Strike 1-1: Ball 2-1: Ball 3-1: DOUBLE (Line Drive, 9LM) | Batting: RHB António Díaz | 0-0: Ball 1-0: Foul Ball, location: 2F 1-1: Ground out 6-3 (Groundball, 6) | Batting: LHB Paul Lee | 0-0: Called Strike 0-1: Swinging Strike 0-2: Ball 1-2: Foul Ball, location: 2F 1-2: SINGLE (Groundball, 56D) Matt Taylor to third Runner from 3rd tries for Home, SAFE, no throw | Batting: RHB David Brady | 0-0: Swinging Strike 0-1: Fly out, F4 (Popup, 4S) | Batting: LHB Caleb Ruíz | 0-0: Ball 1-0: Ground out 4-3 (Groundball, 4) | Bottom of the 1st over - 1 run, 2 hits, 0 errors, 1 left on base; Punta Cana 0 - Fort Collins 1 | TOP OF THE 2ND |
---|
Punta Cana Hutias batting - Pitching for Fort Collins Commoners : RHP Dani Granadas | Batting: RHB Mike Martínez | 0-0: Ball 1-0: Swinging Strike 1-1: Ball 2-1: Ground out U3 (Groundball, 34S) | Batting: LHB Harry Davis | 0-0: Fly out, F7 (Flyball, 78XD) | Batting: LHB Don MacNeill | 0-0: Ball 1-0: Ball 2-0: Called Strike 2-1: Ball 3-1: Fly out, F8 (Flyball, 8RS) | Top of the 2nd over - 0 runs, 0 hits, 0 errors, 0 left on base; Punta Cana 0 - Fort Collins 1 | BOTTOM OF THE 2ND |
---|
Fort Collins Commoners batting - Pitching for Punta Cana Hutias : RHP Brian Lovelace | Batting: RHB Ismael Rodríguez | 0-0: Ball 1-0: Called Strike 1-1: Ball 2-1: Ball 3-1: Base on Balls | Batting: RHB Shawn López | 0-0: Ball 1-0: Swinging Strike 1-1: Ball 2-1: Ball 3-1: Swinging Strike 3-2: Base on Balls Ismael Rodríguez to second | Batting: SHB Paul Davenport | 0-0: Grounds into double play, 6-4-3 (Groundball, 6D) Ismael Rodríguez to third | Batting: RHB António Rodríguez | 0-0: Ball Wild Pitch! Ismael Rodríguez scores 1-0: Foul Ball, location: 2F 1-1: Ball 2-1: Foul Ball, location: 2F 2-2: SINGLE (Flyball, 78M) | Batting: LHB Matt Taylor | 0-0: Ball 1-0: Called Strike 1-1: Ball 2-1: SINGLE (Line Drive, 34D) António Rodríguez to second Runner from 2nd tries for 3rd, SAFE, no throw | Batting: RHB António Díaz | 0-0: Ball 1-0: Foul Ball, location: 2F 1-1: Ball 2-1: Swinging Strike 2-2: Ball 3-2: SINGLE (Line Drive, 4M) António Rodríguez scores Matt Taylor to second Matt Taylor to third | Batting: LHB Paul Lee | 0-0: Ball Wild Pitch! Matt Taylor scores António Díaz to second 1-0: Foul Ball, location: 2F 1-1: Ground out 6-3 (Groundball, 6M) | Bottom of the 2nd over - 3 runs, 3 hits, 0 errors, 1 left on base; Punta Cana 0 - Fort Collins 4 | TOP OF THE 3RD |
---|
Punta Cana Hutias batting - Pitching for Fort Collins Commoners : RHP Dani Granadas | Batting: RHB Ricardo Murillo | 0-0: Ball 1-0: Foul Ball, location: 2F 1-1: Fly out, F9 (Flyball, 9) | Batting: RHB Juan Alaniz | 0-0: Called Strike 0-1: Ball 1-1: Called Strike 1-2: Foul Ball, location: 2F 1-2: Ball 2-2: Ball 3-2: Base on Balls | Batting: LHB Jorge Ramírez | 0-0: Fielders Choice at 2nd, 4-6 (Groundball, 4) | Batting: LHB Dave Watkins | 0-0: Ball 1-0: Called Strike 1-1: Fly out, F4 (Line Drive, 4) | Top of the 3rd over - 0 runs, 0 hits, 0 errors, 1 left on base; Punta Cana 0 - Fort Collins 4 | BOTTOM OF THE 3RD |
---|
Fort Collins Commoners batting - Pitching for Punta Cana Hutias : RHP Brian Lovelace | Batting: RHB David Brady | 0-0: Called Strike 0-1: Fly out, F9 (Line Drive, 9S) | Batting: LHB Caleb Ruíz | 0-0: Ball 1-0: Called Strike 1-1: Foul Ball, location: 2F 1-2: Ball 2-2: Ground out U3 (Groundball, 34) | Batting: RHB Ismael Rodríguez | 0-0: Foul Ball, location: 2F 0-1: Ground out 5-3 (Groundball, 56S) | Bottom of the 3rd over - 0 runs, 0 hits, 0 errors, 0 left on base; Punta Cana 0 - Fort Collins 4 | TOP OF THE 4TH |
---|
Punta Cana Hutias batting - Pitching for Fort Collins Commoners : RHP Dani Granadas | Batting: LHB Tony Ríos | 0-0: Ball 1-0: Ball 2-0: Ball 3-0: Base on Balls | Batting: LHB Norberto Garza | 0-0: Ball 1-0: Ball 2-0: Called Strike 2-1: Fly out, F9 (Flyball, 9D) | Batting: RHB Mike Martínez | 0-0: Fly out, F9 (Flyball, 89D) | Batting: LHB Harry Davis | 0-0: Called Strike 0-1: Called Strike 0-2: Strikes out swinging | Top of the 4th over - 0 runs, 0 hits, 0 errors, 1 left on base; Punta Cana 0 - Fort Collins 4 | BOTTOM OF THE 4TH |
---|
Fort Collins Commoners batting - Pitching for Punta Cana Hutias : RHP Brian Lovelace | Batting: RHB Shawn López | 0-0: Ball 1-0: Foul Ball, location: 2F 1-1: Foul Ball, location: 2F 1-2: Fly out, F7 (Line Drive, 7) | Batting: SHB Paul Davenport | 0-0: Ball 1-0: Ball 2-0: Ball 3-0: Base on Balls | Batting: RHB António Rodríguez | 0-0: Called Strike 0-1: DOUBLE (Line Drive, 8RD) Paul Davenport to third | Batting: LHB Matt Taylor | 0-0: Ball 1-0: Swinging Strike 1-1: Ball 2-1: Called Strike 2-2: Ball 3-2: SINGLE (Groundball, 34S) (infield hit) Paul Davenport scores António Rodríguez to third | Pitching: RHP Nick Davis | | Batting: RHB António Díaz | 0-0: Ball 1-0: Ball 2-0: DOUBLE (Line Drive, 89D) António Rodríguez scores Matt Taylor to third | Batting: LHB Paul Lee | 0-0: Ball 1-0: Called Strike 1-1: Foul Ball, location: 2F 1-2: Ball 2-2: Fly out, F3 (Popup, 34S) | Batting: RHB David Brady | 0-0: Foul Ball, location: 2F 0-1: Swinging Strike 0-2: Ball 1-2: Ball 2-2: Ball 3-2: SINGLE (Groundball, 25) (infield hit) Matt Taylor scores António Díaz to third | Batting: LHB Caleb Ruíz | 0-0: Ball 1-0: Ball 2-0: SINGLE (Line Drive, 89S) António Díaz scores David Brady to second | Batting: RHB Ismael Rodríguez | 0-0: Ball 1-0: Ball 2-0: Ball 3-0: Called Strike 3-1: Base on Balls David Brady to third Caleb Ruíz to second | Batting: RHB Shawn López | 0-0: Called Strike 0-1: Swinging Strike 0-2: Ball 1-2: Ball 2-2: Foul Ball, location: 2F 2-2: Fly out, F9 (Flyball, 9S) | Bottom of the 4th over - 4 runs, 5 hits, 0 errors, 3 left on base; Punta Cana 0 - Fort Collins 8 | TOP OF THE 5TH |
---|
Punta Cana Hutias batting - Pitching for Fort Collins Commoners : RHP Dani Granadas | Batting: LHB Don MacNeill | 0-0: Swinging Strike 0-1: Ground out U3 (Groundball, 34) | Batting: RHB Ricardo Murillo | 0-0: Ball 1-0: Ball 2-0: Swinging Strike 2-1: Foul Ball, location: 2F 2-2: Strikes out swinging | Batting: RHB Juan Alaniz | 0-0: Called Strike 0-1: Called Strike 0-2: Ball 1-2: Foul Ball, location: 2F 1-2: Strikes out swinging | Top of the 5th over - 0 runs, 0 hits, 0 errors, 0 left on base; Punta Cana 0 - Fort Collins 8 | BOTTOM OF THE 5TH |
---|
Fort Collins Commoners batting - Pitching for Punta Cana Hutias : RHP Nick Davis | Batting: SHB Paul Davenport | 0-0: Called Strike 0-1: Ball 1-1: Ball 2-1: Ball 3-1: Called Strike 3-2: Foul Ball, location: 2F 3-2: Base on Balls | Batting: RHB António Rodríguez | 0-0: Swinging Strike 0-1: Ball 1-1: Ball 2-1: Hit by Pitch Paul Davenport to second | Batting: LHB Matt Taylor | 0-0: Called Strike 0-1: Swinging Strike 0-2: Ball 1-2: Strikes out swinging | Batting: RHB António Díaz | 0-0: Called Strike 0-1: Ball 1-1: Ball 2-1: Swinging Strike 2-2: Strikes out swinging | Batting: LHB Paul Lee | 0-0: Fly out, F8 (Flyball, 78D) | Bottom of the 5th over - 0 runs, 0 hits, 0 errors, 2 left on base; Punta Cana 0 - Fort Collins 8 | TOP OF THE 6TH |
---|
Punta Cana Hutias batting - Pitching for Fort Collins Commoners : RHP Dani Granadas | Batting: LHB Jorge Ramírez | 0-0: Called Strike 0-1: Ball 1-1: Fly out, F9 (Flyball, 9D) | Batting: LHB Dave Watkins | 0-0: Called Strike 0-1: Called Strike 0-2: Fly out, F9 (Flyball, 9LS) | Batting: LHB Tony Ríos | 0-0: Ball 1-0: Ball 2-0: Swinging Strike 2-1: Ball 3-1: Called Strike 3-2: Ground out 6-3 (Groundball, 6) | Top of the 6th over - 0 runs, 0 hits, 0 errors, 0 left on base; Punta Cana 0 - Fort Collins 8 | BOTTOM OF THE 6TH |
---|
Fort Collins Commoners batting - Pitching for Punta Cana Hutias : RHP Nick Davis | Batting: RHB David Brady | 0-0: Ground out 4-3 (Groundball, 4) | Batting: LHB Caleb Ruíz | 0-0: Ball 1-0: Called Strike 1-1: Swinging Strike 1-2: Ball 2-2: Ball 3-2: Strikes out swinging | Batting: RHB Ismael Rodríguez | 0-0: Called Strike 0-1: Called Strike 0-2: Strikes out swinging | Bottom of the 6th over - 0 runs, 0 hits, 0 errors, 0 left on base; Punta Cana 0 - Fort Collins 8 | TOP OF THE 7TH |
---|
Punta Cana Hutias batting - Pitching for Fort Collins Commoners : RHP Dani Granadas | Batting: LHB Norberto Garza | 0-0: Ground out 4-3 (Groundball, 4) | Batting: RHB Mike Martínez | 0-0: SINGLE (Line Drive, 6MD) | Batting: LHB Harry Davis | 0-0: Fly out, F9 (Flyball, 9LMF) | Batting: LHB Don MacNeill | 0-0: Ball 1-0: Ball 2-0: Called Strike 2-1: Called Strike 2-2: Foul Ball, location: 2F 2-2: Ball 3-2: Foul Ball, location: 2F 3-2: Strikes out looking | Top of the 7th over - 0 runs, 1 hit, 0 errors, 1 left on base; Punta Cana 0 - Fort Collins 8 | BOTTOM OF THE 7TH |
---|
Fort Collins Commoners batting - Pitching for Punta Cana Hutias : RHP Nick Davis | Batting: RHB Shawn López | 0-0: Ball 1-0: Ball 2-0: Ball 3-0: Called Strike 3-1: Foul Ball, location: 2F 3-2: Fly out, F9 (Flyball, 9LM) | Batting: SHB Paul Davenport | 0-0: Ball 1-0: Fly out, F8 (Flyball, 89M) | Batting: RHB António Rodríguez | 0-0: Called Strike 0-1: Ball 1-1: Called Strike 1-2: Fly out, F8 (Flyball, 8RM) | Bottom of the 7th over - 0 runs, 0 hits, 0 errors, 0 left on base; Punta Cana 0 - Fort Collins 8 | TOP OF THE 8TH |
---|
Punta Cana Hutias batting - Pitching for Fort Collins Commoners : RHP Dani Granadas | Now at C: Alberto Cabrera | | Batting: RHB Ricardo Murillo | 0-0: Foul Ball, location: 2F 0-1: Ball 1-1: Ball 2-1: Ball 3-1: Ground out 6-3 (Groundball, 6) | Pitching: LHP Paul Carson | | Batting: RHB Juan Alaniz | 0-0: Ball 1-0: Foul Ball, location: 2F 1-1: Foul Ball, location: 2F 1-2: Strikes out looking | Batting: LHB Jorge Ramírez | 0-0: Called Strike 0-1: Ball 1-1: SINGLE (Line Drive, 78S) | Batting: LHB Dave Watkins | 0-0: Ball 1-0: Called Strike 1-1: Ball 2-1: Swinging Strike 2-2: Fly out, F9 (Flyball, 89XD) | Top of the 8th over - 0 runs, 1 hit, 0 errors, 1 left on base; Punta Cana 0 - Fort Collins 8 | BOTTOM OF THE 8TH |
---|
Fort Collins Commoners batting - Pitching for Punta Cana Hutias : RHP Nick Davis | Pitching: RHP Steve Harris | | Batting: LHB Matt Taylor | 0-0: Ball 1-0: Ball 2-0: Ball 3-0: Called Strike 3-1: Base on Balls | Batting: RHB António Díaz | 0-0: Fly out, F8 (Flyball, 78D) | Batting: LHB Paul Lee | 0-0: Ball 1-0: Foul Ball, location: 2F 1-1: Ball 2-1: Ball 3-1: Fly out, F8 (Flyball, 8RM) | Batting: RHB David Brady | 0-0: Ball 1-0: Called Strike 1-1: Called Strike 1-2: Strikes out looking | Bottom of the 8th over - 0 runs, 0 hits, 0 errors, 1 left on base; Punta Cana 0 - Fort Collins 8 | TOP OF THE 9TH |
---|
Punta Cana Hutias batting - Pitching for Fort Collins Commoners : LHP Paul Carson | Now at 2B: Montego Martínez | | Now at SS: Sherman Cummings | | Batting: LHB Tony Ríos | 0-0: Called Strike 0-1: Called Strike 0-2: Foul Ball, location: 2F 0-2: Strikes out swinging | Batting: LHB Norberto Garza | 0-0: Ball 1-0: Ball 2-0: Called Strike 2-1: Called Strike 2-2: Strikes out swinging | Batting: RHB Mike Martínez | 0-0: Ball 1-0: Foul Ball, location: 2F 1-1: Ball 2-1: Foul Ball, location: 2F 2-2: SINGLE (Line Drive, 6M) | Batting: LHB Harry Davis | 0-0: Ball 1-0: Ball 2-0: Swinging Strike 2-1: Foul Ball, location: 2F 2-2: Ball 3-2: Foul Ball, location: 2F 3-2: Foul Ball, location: 2F 3-2: Strikes out swinging | Top of the 9th over - 0 runs, 1 hit, 0 errors, 1 left on base; Punta Cana 0 - Fort Collins 8 | |